Map: Blackburn LE

Players

Clem - Winner!

  • Race: Terran Terran

Reynor

  • Race: Zerg Zerg

Event: DreamHack SC2 Masters 2021 Winter

VOD

Have the link to the VOD?

Description

Time

  • Played on: Oct. 16, 2021, 11:06 a.m.
  • Length: 12:18

All games in this series

Show
View Real Time Build Order
Export as new Build Order

Clem Terran - Winner!

Build Orders: Reaper Expand, Hellion Banshee 

Get SALT Encoding   

  12  0:00  SCV  
  13  0:12  SCV  
  14  0:17  Supply Depot  
  14  0:24  SCV  
  15  0:39  SCV  
  15  0:40  Barracks  
  16  0:43  Refinery  
  16  0:51  SCV  
  17  1:03  SCV  
  18  1:15  SCV  
  19  1:27  Reaper, Orbital Command  
  20  1:40  Command Center  
  20  1:47  Supply Depot  
  20  1:53  SCV  
  21  1:59  Marine  
  22  2:04  Engineering Bay  
  22  2:07  SCV  
  23  2:15  Factory  
  23  2:19  Barracks Reactor  
  23  2:22  SCV  
  24  2:34  SCV  
  25  2:43  Refinery  
  25  2:46  SCV  
  26  2:53  Orbital Command  
  26  2:58  SCV  
  26  3:01  Starport  
  31  3:05  Hellion x2  
  31  3:08  Barracks Tech Lab  
  31  3:10  SCV  
  32  3:18  SCV  
  33  3:21  Supply Depot  
  33  3:22  SCV  
  38  3:27  Hellion x2  
  38  3:30  SCV  
  39  3:36  SCV  
  39  3:43  SCV  
  39  3:45  Supply Depot  
  40  3:48  Banshee  
  40  3:51  Hellion x2  
  40  3:54  SCV  
  46  3:57  Barracks Tech Lab  
  46  3:58  SCV  
  47  4:06  SCV  
  48  4:10  SCV  
  48  4:12  Command Center  
  49  4:17  Stimpack  
  49  4:19  SCV  
  49  4:21  Barracks  
  49  4:23  SCV  
  51  4:28  Barracks  
  51  4:29  Factory Reactor  
  51  4:30  Marine  
  51  4:31  SCV  
  53  4:35  SCV  
  54  4:40  Supply Depot, Starport Reactor  
  54  4:43  SCV  
  55  4:47  SCV  
  55  4:48  Marine  
  55  4:51  Engineering Bay  
  55  4:52  Engineering Bay  
  57  4:58  SCV, Refinery  
  57  4:59  SCV, Refinery  
  59  5:05  Marine  
  60  5:10  SCV  
  60  5:14  Supply Depot, Marine  
  61  5:15  Marine  
  61  5:19  Terran Infantry Weapons Level 1, Terran Infantry Armor Level 1  
  63  5:21  Marine x2  
  63  5:26  Marine  
  63  5:27  SCV  
  67  5:28  Medivac x2  
  67  5:29  SCV  
  72  5:37  Supply Depot, Siege Tank, Marine  
  72  5:39  SCV  
  72  5:41  SCV  
  72  5:42  Marine x2  
  80  5:43  Marine  
  80  5:44  Marine  
  80  5:49  Orbital Command  
  82  5:52  SCV  
  82  5:55  Marine  
  82  5:56  SCV, Combat Shield  
  85  6:00  Marine  
  86  6:04  Supply Depot, SCV  
  86  6:07  Marine  
  88  6:12  SCV  
  88  6:13  Barracks x2  
  88  6:16  Siege Tank  
  88  6:17  SCV  
  93  6:26  Medivac x2  
  93  6:28  Marine  
  93  6:29  SCV  
  93  6:32  SCV, Marine  
  101  6:33  Supply Depot  
  101  6:37  Marine  
  101  6:38  SCV  
  101  6:39  Marine  
  104  6:41  SCV  
  96  6:48  Marine x2  
  96  6:49  SCV  
  96  6:50  Supply Depot  
  96  6:51  SCV  
  96  6:53  SCV, Marine  
  98  6:54  Siege Tank  
  98  6:55  Marine  
  98  6:57  Armory  
  98  6:59  Marine  
  104  7:03  SCV  
  104  7:06  Barracks Reactor  
  104  7:07  Marine  
  106  7:12  Supply Depot  
  106  7:13  Marine x2  
  106  7:14  Supply Depot, Marine  
  108  7:16  SCV x2  
  108  7:19  SCV, Marine  
  108  7:20  Barracks Reactor  
  112  7:23  Medivac x2  
  112  7:25  Marine  
  112  7:29  Siege Tank  
  120  7:32  Marine x2  
  122  7:43  Missile Turret x2, SCV x2  
  119  7:46  Marine x2  
  119  7:47  Marine  
  119  7:49  Marine x2  
  119  7:50  Marine x2  
  118  7:51  SCV  
  118  7:57  Marine  
  118  7:59  Marine  
  118  8:01  SCV, Siege Tank  
  118  8:03  Marine  
  118  8:04  Marine x2  
  116  8:06  Terran Infantry Weapons Level 2, Marine  
  116  8:08  Marine  
  116  8:09  Marine  
  116  8:10  Marine  
  116  8:11  SCV  
  120  8:15  Marine  
  120  8:17  Marine  
  122  8:21  Marine  
  122  8:22  Marine x2  
  122  8:23  SCV  
  122  8:24  SCV, Marine  
  122  8:25  Marine  
  122  8:26  Marine  
  119  8:36  Refinery  
  119  8:37  Factory, Marine x2  
  119  8:38  Command Center, Marine  
  119  8:39  Marine  
  120  8:52  Marine x4  
  120  8:55  Marine x2  
  122  8:59  Marine  
  122  9:00  Supply Depot x2, Marine  
  122  9:01  SCV  
  111  9:02  Marine  
  111  9:04  SCV x2  
  111  9:06  Widow Mine  
  111  9:08  Missile Turret  
  111  9:09  Marine x2  
  114  9:13  SCV  
  114  9:14  Marine x4  
  114  9:16  SCV  
  122  9:17  SCV, Marine x2  
  122  9:20  Marine  
  122  9:22  Factory Reactor  
  122  9:23  Drilling Claws  
  126  9:27  Marine  
  126  9:29  SCV  
  126  9:30  SCV x2  
  128  9:31  Marine  
  128  9:32  Marine x2  
  128  9:33  Missile Turret  
  128  9:34  Marine  
  132  9:40  Thor  
  132  9:43  SCV  
  132  9:44  SCV  
  132  9:45  Marine x2  
  141  9:48  Marine x2  
  141  9:50  SCV  
  136  9:57  Missile Turret  
  136  9:58  Marine x3  
  136  9:59  Marine x2  
  141  10:02  Widow Mine  
  143  10:07  SCV  
  143  10:09  Widow Mine  
  143  10:10  Marine  
  143  10:11  Marine  
  143  10:12  Marine  
  149  10:15  Marine  
  149  10:16  Marine  
  149  10:18  Marine x2  
  149  10:19  Marine x2  
  153  10:29  Widow Mine  
  153  10:30  Medivac  
  153  10:31  Medivac  
  153  10:32  Widow Mine  
  153  10:35  Marine x4  
  159  10:36  Planetary Fortress  
  159  10:38  Missile Turret, SCV x2  
  163  10:44  Widow Mine  
  163  10:45  Marine  
  163  10:46  Marine x3  
  163  10:49  SCV  
  168  10:52  SCV  
  168  10:54  SCV  
  168  10:56  Widow Mine  
  162  11:00  Medivac  
  162  11:02  SCV  
  144  11:05  SCV  
  144  11:06  SCV  
  144  11:10  Widow Mine, Marine  
  148  11:14  SCV, Marine  
  148  11:16  Marine  
  150  11:19  Marine  
  150  11:20  SCV  
  150  11:22  Marine  
  150  11:27  Widow Mine x2  
  151  11:33  Medivac x2  
  151  11:34  Widow Mine  
  151  11:38  Supply Depot  
  157  11:40  Supply Depot, SCV x2  
  157  11:46  Marine x2  
  157  11:47  Marine  
  161  11:48  SCV x2  
  161  11:52  SCV  
Show
View Real Time Build Order
Export as new Build Order

Reynor Zerg 

Build Orders: Hatch First 

Get SALT Encoding   

  12  0:00  Drone  
  13  0:12  Overlord  
  13  0:17  Drone  
  14  0:30  Drone x2  
  16  0:48  Hatchery  
  15  0:51  Drone  
  15  0:54  Drone  
  17  0:58  Drone  
  18  1:08  Extractor  
  17  1:13  Spawning Pool  
  17  1:17  Drone  
  17  1:20  Drone  
  18  1:27  Drone  
  19  1:38  Drone  
  20  1:49  Overlord  
  20  2:00  Queen x2  
  20  2:01  Zergling x4  
  26  2:10  Drone  
  26  2:11  Drone  
  26  2:12  Metabolic Boost  
  28  2:21  Drone x2  
  30  2:35  Overlord  
  30  2:39  Drone, Queen  
  30  2:42  Queen  
  34  2:47  Zergling x2  
  35  2:55  Drone x3  
  38  3:04  Overlord  
  38  3:05  Drone  
  39  3:15  Drone x3  
  39  3:18  Drone x2  
  44  3:26  Zergling x2  
  45  3:27  Overlord  
  45  3:38  Drone x2  
  45  3:41  Queen  
  48  3:47  Zergling x6  
  51  3:49  Overlord  
  51  3:52  Drone x4  
  54  3:55  Hatchery  
  54  4:02  Queen  
  55  4:03  Drone  
  55  4:04  Drone  
  57  4:11  Extractor  
  57  4:12  Overlord  
  57  4:13  Drone  
  57  4:19  Lair  
  57  4:22  Drone  
  57  4:24  Drone  
  59  4:28  Overlord  
  59  4:29  Drone x2  
  61  4:34  Spore Crawler  
  61  4:38  Drone x2  
  62  4:45  Drone, Queen  
  63  4:46  Baneling Nest  
  63  4:48  Zergling x2  
  63  4:49  Spore Crawler  
  63  4:50  Overlord  
  64  4:53  Drone x2  
  64  4:58  Drone x2  
  64  4:59  Overlord  
  68  5:00  Drone  
  68  5:03  Drone  
  70  5:08  Drone  
  70  5:10  Drone  
  70  5:11  Queen  
  74  5:14  Extractor  
  74  5:16  Drone  
  74  5:17  Extractor  
  74  5:19  Drone, Spire  
  74  5:20  Drone  
  74  5:21  Drone x2  
  74  5:24  Drone x3  
  74  5:26  Drone  
  80  5:29  Drone  
  80  5:32  Overlord  
  81  5:36  Drone  
  81  5:42  Overlord  
  82  5:43  Drone x3  
  82  5:44  Centrifugal Hooks  
  82  5:48  Extractor x2  
  83  5:50  Drone  
  83  5:51  Drone  
  83  5:54  Overlord  
  83  5:56  Drone  
  86  5:57  Drone x3  
  89  6:04  Drone x2  
  91  6:14  Hatchery  
  90  6:19  Zergling x18  
  90  6:24  Baneling  
  90  6:25  Baneling x5  
  97  6:27  Zergling x2  
  97  6:29  Overlord  
  97  6:30  Baneling  
  96  6:33  Zergling x12  
  96  6:39  Queen, Mutalisk  
  98  6:40  Mutalisk x2  
  98  6:43  Mutalisk  
  97  6:48  Mutalisk x3  
  101  6:54  Baneling  
  101  6:55  Baneling  
  101  6:56  Baneling x3  
  101  6:57  Zergling x4  
  101  6:58  Zergling x2  
  101  6:59  Evolution Chamber x2  
  102  7:03  Zergling x10  
  102  7:04  Zergling x2  
  102  7:08  Baneling x4  
  108  7:09  Overlord  
  108  7:11  Zergling x4  
  108  7:12  Zergling x2  
  111  7:18  Baneling x6  
  111  7:19  Zergling x6  
  114  7:22  Baneling  
  114  7:23  Baneling x5  
  114  7:24  Zergling x4  
  114  7:29  Zergling x4  
  118  7:31  Overlord  
  117  7:44  Zergling x20  
  127  7:49  Zerg Ground Armor Level 1, Zerg Melee Weapons Level 1  
  120  8:10  Drone x15  
  135  8:12  Mutalisk  
  135  8:19  Mutalisk x3  
  125  8:27  Zergling x4, Baneling  
  125  8:28  Baneling x11  
  125  8:29  Mutalisk  
  125  8:32  Zergling x4  
  130  8:40  Baneling  
  130  8:41  Baneling x7, Zergling x4  
  129  8:42  Zergling x2  
  129  8:43  Zergling x2  
  129  8:46  Mutalisk  
  128  8:49  Zergling x2  
  128  8:53  Zergling x4  
  128  8:55  Baneling x5  
  126  8:58  Zergling x2  
  126  9:02  Zergling x4  
  122  9:04  Zergling x2  
  122  9:07  Baneling x7  
  122  9:08  Zergling x2  
  122  9:10  Zergling x6  
  122  9:11  Zergling x2, Queen  
  122  9:14  Zergling x8  
  122  9:15  Baneling x7  
  122  9:17  Zergling x2  
  133  9:19  Hatchery  
  133  9:20  Extractor  
  133  9:21  Zergling x2  
  133  9:22  Zergling x6  
  135  9:24  Overlord  
  135  9:33  Mutalisk x3  
  135  9:37  Zerg Flyer Weapons Level 1  
  135  9:38  Zergling x4  
  143  9:39  Overlord  
  143  9:52  Drone x5  
  146  9:53  Mutalisk x2  
  146  9:54  Extractor  
  146  9:57  Zergling x6  
  146  9:58  Zergling x4  
  154  10:02  Mutalisk x2  
  158  10:07  Zergling x4  
  158  10:10  Overlord  
  160  10:15  Overlord  
  160  10:16  Overlord  
  160  10:26  Overlord  
  160  10:27  Overlord  
  160  10:28  Zergling x18  
  149  10:37  Baneling  
  149  10:38  Zergling x8  
  149  10:39  Baneling x8  
  149  10:42  Zergling x10  
  156  10:43  Zergling x2  
  156  10:45  Zergling x2, Queen  
  156  10:46  Zergling x4  
  156  10:49  Zergling x6  
  155  10:52  Zergling x6  
  155  10:53  Zergling x2  
  155  10:56  Baneling Nest  
  143  11:00  Zergling x2  
  126  11:06  Zergling x2  
  126  11:07  Zergling x4  
  126  11:10  Mutalisk x4  
  127  11:16  Mutalisk x4  
  127  11:17  Zergling x4  
  124  11:23  Zergling x4  
  124  11:24  Queen  
  113  11:26  Zergling x2  
  113  11:29  Zergling x2  
  113  11:32  Zergling x4  
  108  11:34  Queen  
  108  11:39  Zergling x4  
  103  11:42  Zergling x2  
  103  11:43  Zergling x2  
  103  11:46  Baneling x8  
  90  11:47  Zergling x2  
  90  11:49  Zergling x2  

Tags
 
Add a new tag
Caveats
  • Supply blocks, unpowered buildings, or Contaminate may cause inaccurate times.
  • Supply counts are checked every 10 seconds.